 Dungeon Crawl Stone Soup version 0.30-a0-845-g7c6808c8ce (webtiles) character file.

Game seed: 15763020486959313718

66 retardedninja the Shield-Bearer (level 4, -1/41 HPs)
             Began as a Gnoll Fighter on Mar 2, 2023.
             Slain by an orc
             ... wielding a +0 flail
              (4 damage)
             ... on level 3 of the Dungeon.
             The game lasted 00:02:03 (1788 turns).

retardedninja the Shield-Bearer (Gnoll Fighter)     Turns: 1788, Time: 00:02:04

Health: -1/41      AC: 13    Str: 17    XL:     4   Next: 15%
Magic:  5/5        EV:  5    Int:  8    God:
Gold:   78         SH:  0    Dex: 11    Spells: 5/5 levels left

rFire   + . .      SeeInvis .    a - +0 flail
rCold   + . .      Faith    .    c - +0 buckler
rNeg    . . .      Spirit   .    s - +0 plate armour
rPois   +          Reflect  .    (no helmet)
rElec   +          Rampage  .    (no cloak)
rCorr   +                        (no gloves)
Will    .....                    (no boots) Stlth
                                 (no amulet)
HPRegen 0.26/turn                r - ring of resist corrosion
MPRegen 0.09/turn                (no ring)

@: confused, mighty, resistant
A: fangs 1, strong nose, distributed training
a: no special abilities


You were on level 3 of the Dungeon.
You visited 1 branch of the dungeon, and saw 3 of its levels.

You collected 78 gold pieces.

Inventory:

Hand Weapons
 a - a +0 flail (weapon)
Armour
 b - a +0 pair of gloves
 c - a +0 buckler (worn)
 s - a +0 plate armour (worn)
Jewellery
 r - a ring of resist corrosion (left hand)
Scrolls
 f - a scroll of noise {unknown}
 i - 2 scrolls of blinking {unknown}
 l - 2 scrolls of poison {unknown}
 m - a scroll of teleportation {unknown}
Potions
 e - a potion of resistance
 g - a potion of curing {unknown}
 h - a potion of mutation {unknown}
 j - a potion of heal wounds {unknown}
 k - a potion of magic
 n - a potion of brilliance {unknown}
 q - a potion of invisibility {unknown}


   Skills:
 + Level 6.6 Fighting
 + Level 1.1 Short Blades
 + Level 1.1 Long Blades
 + Level 1.1 Axes
 + Level 4.6 Maces & Flails
 + Level 1.1 Polearms
 + Level 1.1 Staves
 + Level 1.1 Ranged Weapons
 + Level 1.1 Throwing
 + Level 6.6 Armour
 + Level 1.1 Dodging
 + Level 1.1 Stealth
 + Level 6.6 Shields
 + Level 1.1 Unarmed Combat
 + Level 1.1 Spellcasting
 + Level 0.8 Conjurations
 + Level 0.8 Hexes
 + Level 0.8 Summonings
 + Level 0.8 Necromancy
 + Level 0.8 Translocations
 + Level 0.8 Transmutations
 + Level 0.8 Fire Magic
 + Level 0.8 Ice Magic
 + Level 0.8 Air Magic
 + Level 0.8 Earth Magic
 + Level 0.8 Poison Magic
 + Level 1.2 Invocations
 + Level 1.1 Evocations


You had 5 spell levels left.
You didn't know any spells.
Your spell library was empty.

Dungeon Overview and Level Annotations

Branches:
Dungeon (3/15)

Altars:


Innate Abilities, Weirdness & Mutations

You have very sharp teeth.
Your uncanny sense of smell can sniff out nearby items.
Your experience applies equally to all skills.


Message History

The endoplasm freezes you.
You are frozen.
You resist. The endoplasm freezes you.
You are frozen.
You resist.
It was a potion of magic.
Magic courses through your body. The endoplasm freezes you.
You are frozen.
You resist.
* * * LOW HITPOINT WARNING * * *
The endoplasm hits you but does no damage.
You feel very mighty all of a sudden.
The orc wizard points at you and mumbles some strange words.
The puff of flame hits you. You resist.
* * * LOW HITPOINT WARNING * * *
The endoplasm freezes you.
You are frozen.
You resist. The endoplasm freezes you.
You are frozen.
You resist.
* * * LOW HITPOINT WARNING * * *
The orc hits you but does no damage.
You feel less confused.
The orc wizard hits you but does no damage.
The endoplasm hits you but does no damage. x2
You closely miss the orc.
The orc is severely wounded.
The orc wizard casts a spell at you.
You are confused.
The endoplasm hits you but does no damage.
The endoplasm freezes you.
You are frozen.
You resist.
* * * LOW HITPOINT WARNING * * *
The orc barely misses you.
You're too confused to move!
The orc wizard hits you with a +0 dagger.
* * * LOW HITPOINT WARNING * * *
The endoplasm freezes you.
You are frozen.
You resist.
* * * LOW HITPOINT WARNING * * *
The endoplasm hits you but does no damage.
The orc hits you with a +0 flail.
You die...

############ #####
#........... # #...#
#.########## #.#...#
#...........
#.#...############## #
#...........#####
....###oo...).#.....####
......J@J...).'.........
#######..$....#.....####
........#####.....#
......### #.....#
......# #.....# ......#
#.######## ......# #.#
#.. .......# #.# #..
.... #.# ####..


You could see an orc wizard, an orc and 2 endoplasms.

Vanquished Creatures
  An adder (D:2)
  2 orcs (D:3)
  5 endoplasms
  A giant cockroach (D:1)
  8 goblins
  4 hobgoblins
  6 jackals
  6 ball pythons
  4 bats
  7 frilled lizards
  2 kobolds (D:2)
  5 rats
51 creatures vanquished.

Notes
Turn   | Place    | Note
-------+----------+-------------------------------------------
     0 | D:1      | retardedninja the Gnoll Fighter began the quest for the
                  | Orb.
     0 | D:1      | Reached XP level 1. HP: 23/23 MP: 1/1
   176 | D:1      | Reached XP level 2. HP: 27/29 MP: 2/2
   651 | D:1      | Reached XP level 3. HP: 31/35 MP: 3/3
  1037 | D:1      | Reached skill level 1 in Invocations
  1324 | D:2      | Reached skill level 1 in Short Blades
  1324 | D:2      | Reached skill level 1 in Long Blades
  1324 | D:2      | Reached skill level 1 in Axes
  1324 | D:2      | Reached skill level 1 in Polearms
  1324 | D:2      | Reached skill level 1 in Staves
  1324 | D:2      | Reached skill level 1 in Ranged Weapons
  1324 | D:2      | Reached skill level 1 in Throwing
  1324 | D:2      | Reached skill level 1 in Dodging
  1324 | D:2      | Reached skill level 1 in Stealth
  1324 | D:2      | Reached skill level 1 in Unarmed Combat
  1324 | D:2      | Reached skill level 1 in Spellcasting
  1324 | D:2      | Reached skill level 1 in Evocations
  1621 | D:2      | Reached XP level 4. HP: 41/41 MP: 5/5
  1788 | D:3      | Slain by an orc

Illustrated notes

Levels and vault maps discovered:
D:1:      lemuel_arrival_river_ford, layout_basic
D:2:      layout_rooms
D:3:      layout_basic

Skill      XL: |  1  2  3 |
---------------+----------+-----
Invocations    | 1 |  1.2
Short Blades   | 1 |  1.1
Long Blades    | 1 |  1.1
Axes           | 1 |  1.1
Polearms       | 1 |  1.1
Staves         | 1 |  1.1
Ranged Weapons | 1 |  1.1
Throwing       | 1 |  1.1
Dodging        | 1 |  1.1
Stealth        | 1 |  1.1
Unarmed Combat | 1 |  1.1
Spellcasting   | 1 |  1.1
Evocations     | 1 |  1.1
Fighting       | |  6.6
Maces & Flails | |  4.6
Armour         | |  6.6
Shields        | |  6.6
Conjurations   | |  0.8
Hexes          | |  0.8
Summonings     | |  0.8
Necromancy     | |  0.8
Translocations | |  0.8
Transmutations | |  0.8
Fire Magic     | |  0.8
Ice Magic      | |  0.8
Air Magic      | |  0.8
Earth Magic    | |  0.8
Poison Magic   | |  0.8

Action                     |  1- 3 |  4- 6 || total
---------------------------+-------+-------++-------
  Melee: Flail             |   119 |    23 ||   142
         Bite              |     9 |     1 ||    10
    Use: Potion            |       |     3 ||     3
 Armour: Scale mail        |    52 |       ||    52
         Plate armour      |     2 |    32 ||    34
  Dodge: Dodged            |    48 |    14 ||    62
  Block: Buckler           |    25 |     5 ||    30

Table legend: (Time is in decaauts)
 A = Elapsed time spent in this place.
 B = Non-inter-level travel time spent in this place.
 C = Inter-level travel time spent in this place.
 D = Time resting spent in this place.
 E = Time spent auto-exploring this place.
 F = Levels seen in this place.
 G = Mean time per level.
                   A        B        C        D        E       F      G
               +--------+--------+--------+--------+--------+-----+--------+
         Total |   1822 |   1811 |     11 |      0 |   1450 |   3 |  607.3 |
       Dungeon |   1822 |   1811 |     11 |      0 |   1450 |   3 |  607.3 |
               +--------+--------+--------+--------+--------+-----+--------+

Top non-repeatable levels by time:
     D:1: 1169 daAuts
     D:2: 486 daAuts
     D:3: 166 daAuts
